 Dungeon Crawl Stone Soup version 0.31-a0-360-gb3e1d13bf4 (webtiles) character file.

Game seed: 17357304697950462296

3323 CraigForest the Grappler (level 9, -5/83 HPs)
             Began as a Troll Shapeshifter on July 26, 2023.
             Was a Follower of Elyvilon.
             Slain by a human
             ... wielding a +2 heavy hand axe
              (14 damage)
             ... in a bailey.
             The game lasted 00:34:01 (5788 turns).

CraigForest the Grappler (Troll Shapeshifter)       Turns: 5788, Time: 00:34:02

Health: -5/83      AC:  4    Str: 29    XL:     9   Next: 71%
Magic:  8/8        EV: 12    Int:  4    God:    Elyvilon [*.....]
Gold:   149        SH:  0    Dex: 16    Spells: 8/8 levels left

rFire   . .          .
                       - Unarmed
rCold   . . .        (no shield)
rNeg    . . .        a - +0 animal skin
rPois   .            (helmet currently unavailable)
rElec   .            (cloak currently unavailable)
rCorr   .            (gloves unavailable)
SInv    .            (boots unavailable)
Will    .....        (no amulet)
Stlth   +            k - +6 ring of dexterity
HPRegen 1.13/turn    (no ring)
MPRegen 0.11/turn

%: no passive effects
@: beast-form, invisible
A: beast (slay +4), large, unfitting armour, claws 3, regeneration 1, shaggy fur
1, tough skin 1
a: Begin Untransformation, Renounce Religion, Purification


You were in a bailey.
You worshipped Elyvilon.
Elyvilon was aware of your devotion.
You were a hulking beast.
You visited 2 branches of the dungeon, and saw 8 of its levels.
You also visited: Bailey.

You collected 260 gold pieces.
You spent 111 gold pieces at shops.

Inventory:

Hand Weapons
 b - a +4 flail of protection
 e - a +0 hand axe
 f - a +2 heavy hand axe
 j - a +0 giant club
 n - a +0 hammer
 p - a +2 trident of venom
 x - a +0 giant spiked club
 y - a +0 war axe
 E - a +0 hand axe of flaming
Missiles
 d - 9 poisoned darts (quivered)
 D - a throwing net
Armour
 a - a +0 animal skin (worn)
 C - a +0 cloak
Jewellery
 k - a +6 ring of dexterity (left claw)
 m - an amulet of faith
 F - a ring of fire
Talismans
 i - a beast talisman
Scrolls
 l - 2 scrolls of brand weapon
 o - 2 scrolls of blinking {unknown}
 r - a scroll of amnesia {unknown}
 u - a scroll of fear {unknown}
 v - a scroll of silence {unknown}
 w - a scroll of revelation {unknown}
 A - a scroll of enchant armour
 B - a scroll of acquirement {unknown}
 G - a scroll of enchant weapon {unknown}
Potions
 c - 2 potions of curing
 g - 2 potions of enlightenment
 h - a potion of degeneration
 q - a potion of attraction
 z - a potion of ambrosia


   Skills:
 + Level 3.2 Fighting
 + Level 1.3 Throwing
 + Level 5.0 Dodging
 + Level 10.5 Unarmed Combat
 + Level 5.9 Shapeshifting


You had 8 spell levels left.
You didn't know any spells.
Your spell library contained the following spells:

 Spells                   Type           Power      Damage    Failure   Level
 Lesser Beckoning         Tloc           0%         N/A       65%         2
 Gell's Gravitas          Tloc           0%         N/A       86%         3
 Teleport Other           Tloc           0%         N/A       86%         3
 Vhi's Electric Charge    Tloc/Air       0%         N/A       86%         3
 Arcjolt                  Conj/Air       0%         1d10      100%        5
 Maxwell's Capacitive Co  Air            0%         ∞         100%        8


Dungeon Overview and Level Annotations

Branches:
Dungeon (7/15)             Temple (1/1) D:4          Bailey (1/1)

Altars:
Ashenzari
Cheibriados
Dithmenos
Elyvilon
Fedhas
Gozag
Hepliaklqana
Kikubaaqudgha
Makhleb
Okawaru
Qazlal
Ru
Sif Muna
Trog
Uskayaw
Wu Jian
Xom
Yredelemnul
Zin
The Shining One

Shops:
D:7 (


Innate Abilities, Weirdness & Mutations

You are a hulking beast.
Your limbs bulge with bestial killing power. (Slay +4)
You are too large for most types of armour.
You have claws for hands.
Your natural rate of healing is unusually fast.
You are covered in fur. (AC +1)
You have tough skin. (AC +1)


Message History

You mangle the bullfrog!!
You kill the bullfrog!
You claw the bullfrog!
The bullfrog is severely wounded.
The bullfrog barely misses you.
You scratch the bullfrog.
The bullfrog is severely wounded.
The bullfrog misses you.
You mangle the bullfrog!!
You kill the bullfrog!
Your Dodging skill increases to level 5!
You completely miss the gnoll. You scratch the gnoll.
The gnoll is lightly wounded.
The gnoll hits you with a +0 hand axe.
* * * LOW HITPOINT WARNING * * *
The bullfrog barely misses you.
You scratch the gnoll.
The gnoll is moderately wounded.
The gnoll barely misses you. The bullfrog misses you.
You mangle the gnoll!!
You kill the gnoll!
The bullfrog closely misses you.
You mangle the bullfrog!!
You kill the bullfrog!
The human hits you with a +0 war axe!
* * * LOW HITPOINT WARNING * * *
You catch the helpless human completely off-guard!
You scratch the human.
The human is lightly wounded.
The human completely misses you.
You scratch the human but do no damage.
The human is lightly wounded.
The human hits you with a +2 heavy hand axe!
Elyvilon protects you from harm! The human closely misses you.
You claw the human!
The human is heavily wounded.
The human hits you with a +2 heavy hand axe!
You die...

##### ##...##
#.....# #.∩.∩.#
#...ph######
####.)p##.g..##
##~~#'#[#...F..##
#~~~†~#.).F#..p.#
#~~~~~#)).####p.#
#~~~~~#...#.....#
##~~~##...#...g.#
###)####..###p###
#..))..'..#≈..~≈#


You could see 2 humans.

Vanquished Creatures
  4 humans (Bailey)
  Edmund (D:4)
  A water moccasin (D:7)
  2 orc warriors
  An ice beast (D:6)
  3 black bears (D:5)
  3 ogres
  A centaur (D:6)
  11 bullfrogs
  3 scorpions
  5 jellies
  3 orc priests
  2 hounds
  Crazy Yiuf (D:6)
  A gnoll bouda (D:7)
  2 sleepcaps
  4 orc wizards
  8 gnolls
  7 adders
  A shadow imp (D:5)
  2 white imps
  An ufetubus (D:5)
  A worm (D:3)
  3 dart slugs
  16 orcs
  9 ball pythons
  2 bats
  13 endoplasms
  11 giant cockroaches
  9 goblins
  9 hobgoblins
  A quokka (D:3)
  6 frilled lizards
  3 kobolds
  4 rats
154 creatures vanquished.

Vanquished Creatures (others)
  An orc wizard (Temple)
1 creature vanquished.

Grand Total: 155 creatures vanquished

Notes
Turn   | Place    | Note
-------+----------+-------------------------------------------
     0 | D:1      | CraigForest the Troll Shapeshifter began the quest for the
                  | Orb.
     0 | D:1      | Reached XP level 1. HP: 18/18 MP: 0/0
   142 | D:1      | Reached XP level 2. HP: 25/26 MP: 1/1
   370 | D:1      | Reached XP level 3. HP: 32/32 MP: 2/2
  1536 | D:3      | Reached XP level 4. HP: 40/40 MP: 3/3
  1696 | D:3      | Reached skill level 4 in Unarmed Combat
  2651 | D:4      | Reached XP level 5. HP: 35/46 MP: 4/4
  2756 | D:4      | Reached skill level 5 in Unarmed Combat
  2756 | D:4      | Reached XP level 6. HP: 53/54 MP: 5/5
  2757 | D:4      | Found a staircase to the Ecumenical Temple.
  2766 | Temple   | Entered the Ecumenical Temple
  2955 | D:4      | Reached skill level 1 in Fighting
  3461 | D:4      | Noticed Edmund
  3483 | D:4      | Killed Edmund
  3484 | D:4      | Reached skill level 6 in Unarmed Combat
  3484 | D:4      | Reached XP level 7. HP: 25/62 MP: 6/6
  3559 | D:5      | Entered Level 5 of the Dungeon
  3769 | Temple   | Became a worshipper of Elyvilon the Healer
  3875 | D:5      | Reached skill level 5 in Shapeshifting
  4026 | D:5      | Reached skill level 7 in Unarmed Combat
  4026 | D:5      | Reached XP level 8. HP: 70/70 MP: 7/7
  4046 | D:5      | Reached skill level 1 in Throwing
  4627 | D:6      | Reached * piety under Elyvilon
  4813 | D:6      | Reached skill level 8 in Unarmed Combat
  4946 | D:6      | Found a runed translucent door.
  4947 | D:6      | Noticed Crazy Yiuf
  4951 | D:6      | Killed Crazy Yiuf
  5382 | D:7      | Found Aseozu Zei's Weapon Shoppe.
  5390 | D:7      | Bought a +0 hand axe of flaming for 111 gold pieces
  5423 | D:7      | Reached XP level 9. HP: 63/80 MP: 8/8
  5456 | D:7      | Reached skill level 9 in Unarmed Combat
  5570 | D:7      | Found a flagged portal.
  5577 | Bailey   | Entered a bailey
  5696 | Bailey   | Reached skill level 10 in Unarmed Combat
  5781 | Bailey   | Reached skill level 5 in Dodging
  5787 | Bailey   | Elyvilon protects you from harm!
  5788 | Bailey   | Slain by a human

Illustrated notes

Levels and vault maps discovered:
D:1:      lemuel_arrival_tunnels, layout_loops_ring, serial_park_tiny_pond,
          roderic_lattice_a, minmay_heptomino_d4
D:2:      layout_loops_ring
D:3:      mumra_celtic_spiral_tile, layout_basic, portal_sewer_entry_e
D:4:      minmay_wonky_spiral, layout_basic, minmay_temple_entry_mist,
          uniq_edmund
D:5:      layout_loops_corners
D:6:      layout_cave_pools, skrybe_limestone_x, uniq_crazy_yiuf_cottage
D:7:      layout_loops_ring, enter_bailey_4, serial_shops,
          nicolae_shop_competitors_out_of_business, minmay_the_grid_2x2
          [minmay_the_grid_spikes, minmay_the_grid_outer_circle,
          minmay_the_grid_all_tris, minmay_the_grid_prize_diamond_cup]
Temple:   mainiacjoe_temple_cubbyholes
Bailey:   bailey_axe_froggy_fort_hellmonk, bailey

Skill      XL: |  1  2  3  4  5  6  7  8  9 |
---------------+----------------------------+-----
Dodging        | 2 3 4 5 |  5.0
Unarmed Combat | 4 5 6 7 8 10 | 10.5
Shapeshifting  | 4 5 |  5.9
Fighting       | 1 2 3 |  3.2
Throwing       | 1 |  1.3

Action                     |  1- 3 |  4- 6 |  7- 9 || total
---------------------------+-------+-------+-------++-------
  Melee: Unarmed           |    94 |    87 |   181 ||   362
         Punch             |     2 |     1 |     6 ||     9
  Throw: Dart              |       |     6 |       ||     6
    Use: Scroll            |       |     8 |     3 ||    11
         Potion            |       |     2 |     2 ||     4
   Stab: Sleeping          |     3 |     1 |     2 ||     6
         Invisible         |       |       |     1 ||     1
 Armour: Animal skin       |    17 |    20 |    23 ||    60
         Skin              |       |     1 |       ||     1
  Dodge: Dodged            |    35 |    40 |   120 ||   195

Table legend: (Time is in decaauts)
 A = Elapsed time spent in this place.
 B = Non-inter-level travel time spent in this place.
 C = Inter-level travel time spent in this place.
 D = Time resting spent in this place.
 E = Time spent auto-exploring this place.
 F = Levels seen in this place.
 G = Mean time per level.
                   A        B        C        D        E       F      G
               +--------+--------+--------+--------+--------+-----+--------+
         Total |   5746 |   4896 |    850 |      0 |   3743 |   9 |  638.4 |
       Dungeon |   5351 |   4596 |    755 |      0 |   3644 |   7 |  764.4 |
        Temple |    195 |    100 |     95 |      0 |      0 |   1 |  195.0 |
        Bailey |    199 |    199 |      0 |      0 |     99 |   1 |  199.0 |
               +--------+--------+--------+--------+--------+-----+--------+

Top non-repeatable levels by time:
     D:3: 1160 daAuts
     D:5: 907 daAuts
     D:4: 882 daAuts
     D:1: 840 daAuts
     D:2: 603 daAuts
     D:6: 580 daAuts
     D:7: 377 daAuts
  Bailey: 199 daAuts
  Temple: 195 daAuts
